 Dungeon Crawl Stone Soup version 0.20-a0-739-g6bb112f (webtiles) character file.

20137 Amciq the Cleaver (level 12, -4/112 HPs)
             Began as a Hill Orc Fighter on Feb 24, 2017.
             Was a Priest of Yredelemnul.
             Slain by a freezing wraith (19 damage)
             ... in an ice cave.
             The game lasted 00:48:18 (12014 turns).

Amciq the Cleaver (Hill Orc Fighter)               Turns: 12014, Time: 00:48:19

Health: -4/112     AC: 15    Str: 25    XL:     12   Next: 76%
Magic:  18/18      EV: 10    Int:  8    God:    Yredelemnul [***...]
Gold:   666        SH: 24    Dex: 14    Spells: 11/11 levels left

rFire    . . .     SeeInvis +   r - +5 war axe
rCold    . . .     Gourm    .   c - +1 scale mail {rPois}
rNeg     + . .     Faith    .   T - +0 large shield
rPois    +         Spirit   .   S - +0 helmet of Untruth {rN+ SInv Stlth+} (curse)
rElec    .         Reflect  +   B - +0 cloak
rCorr    .         Harm     .   (no gloves)
MR       .....     Clarity  +   J - +1 pair of boots
Stlth    +.........             s - +6 amulet of reflection
Regen    0.3/turn               a - +3 ring of evasion
MPRegen  0.2/turn               h - +3 ring of strength

@: no status effects
A: agile 1, clarity, MP-powered wands
a: Recall Undead Slaves, Injury Mirror, Animate Dead, Renounce Religion


You were in an ice cave.
You worshipped Yredelemnul.
Yredelemnul was most pleased with you.
You were very hungry.

You visited 3 branches of the dungeon, and saw 14 of its levels.
You also visited: Ice Cave.

You collected 993 gold pieces.
You spent 327 gold pieces at shops.

Inventory:

Hand Weapons
 r - a +5 war axe (weapon)
Armour
 c - a +1 scale mail of poison resistance (worn)
 B - a +0 cloak (worn)
 E - a +2 shield
 J - a +1 pair of boots (worn)
 N - a +1 helmet
 S - the cursed +0 helmet of Untruth (worn) {rN+ SInv Stlth+}
   (You found it on level 3 of the Lair of Beasts)

   It protects you from negative energy.
   It lets you see invisible.
   It makes you more stealthy.
   It has a curse placed upon it.
 T - a +0 large shield (worn)
Jewellery
 a - a +3 ring of evasion (right hand)
 b - an uncursed ring of fire
 h - a +3 ring of strength (left hand)
 s - a +6 amulet of reflection (around neck)
Wands
 k - a wand of confusion (21/48)
 G - a wand of lightning (12/15)
 I - a wand of flame (23/48)
 L - a wand of digging (10/24)
 P - a wand of polymorph (15/24)
Scrolls
 d - a scroll of fog
 e - 7 scrolls of remove curse
 g - 3 scrolls of amnesia
 i - a scroll of immolation
 l - 5 scrolls of recharging
 m - 2 scrolls of enchant armour
 n - 3 scrolls of teleportation
 o - 2 scrolls of torment {unknown}
 y - 3 scrolls of magic mapping
 F - a scroll of noise {unknown}
 H - a scroll of fear {unknown}
 K - 4 scrolls of identify
 O - 2 scrolls of enchant weapon
 Q - a scroll of blinking {unknown}
Potions
 j - a potion of cancellation
 q - 4 potions of curing
 t - 2 potions of resistance {unknown}
 u - 4 potions of heal wounds {unknown}
 w - 2 potions of haste {unknown}
 x - a potion of magic
 z - 2 potions of flight {unknown}
 C - 2 potions of ambrosia {unknown}
 D - a potion of might
 M - 3 potions of agility {unknown}
 R - a potion of invisibility {unknown}
Comestibles
 f - 7 bread rations
 p - 6 meat rations
 v - 16 fruits
 A - 4 royal jellies


   Skills:
 * Level 12.2 Fighting
 * Level 13.6 Axes
 + Level 10.7 Armour
 + Level 10.7 Shields
 * Level 9.1 Invocations


You had 11 spell levels left.
You didn't know any spells.

Dungeon Overview and Level Annotations

Branches:
Dungeon (9/15)             Temple (1/1) D:7            Lair (4/6) D:9
  Swamp (0/4) Lair:3       Spider (0/4) Lair:2
    Orc: D:9-12

Altars:
Ashenzari
Cheibriados
Elyvilon
Fedhas
Gozag
Hepliaklqana
Kikubaaqudgha
Okawaru
Qazlal
Ru
Sif Muna
Trog
Uskayaw
Vehumet
Wu Jian
Xom
Yredelemnul
Zin
The Shining One

Shops:
D:5 ?   D:8 [


Innate Abilities, Weirdness & Mutations

You are agile. (Dex +2)
You possess an exceptional clarity of mind.
You expend magic power (3 MP) to strengthen your wands.


Message History

You block the freezing wraith's attack.
You hit the freezing wraith.
The freezing wraith is severely damaged.
You hit the freezing wraith.
The freezing wraith closely misses you. x3
You block the freezing wraith's attack.
You barely miss the freezing wraith.
The freezing wraith is severely damaged.
You barely miss the freezing wraith.
The freezing wraith hits you but does no damage.
You block the freezing wraith's attack.
The freezing wraith hits you but does no damage.
You block the freezing wraith's attack.
You slash the freezing wraith!
You destroy the freezing wraith!
Yredelemnul accepts your kill.
You hit the freezing wraith. The freezing wraith hits you!
* * * LOW HITPOINT WARNING * * *
The freezing wraith freezes you!!
You die...
Your body rises from the dead as a mindless zombie.

##....###
#.......###
##..###...##
##..###...##
##..###...##
#...###...###
##..#
##....## ##
###...#
##....#
.###....##
###@.#
.......##
#W..#
....####
#...## ...##
...### ..##
..## .## ...#
## .## #


You could see a freezing wraith.

Vanquished Creatures
  The ghost of Dipster the Fighter, a journeyman BaFi of Okawaru (Lair:1)
  An unseen horror (D:9)
  Maurice (D:9)
  An oklob plant (Lair:1)
  A black mamba (Lair:3)
  4 spiny frogs
  A rime drake (Lair:3)
  7 komodo dragons
  3 freezing wraiths (IceCv)
  A polar bear (Lair:3)
  A troll (D:9)
  7 blink frogs
  3 hippogriffs
  Prince Ribbit (D:7)
  A wolf spider simulacrum (IceCv)
  Sigmund (D:4)
  12 yaks
  A vampire (D:9)
  A wyvern (Lair:3)
  A hungry ghost (D:7)
  A basilisk (Lair:2)
  A vampire mosquito (D:9)
  Edmund (D:4)
  Duvessa (D:7)
  2 water moccasins
  8 porcupines
  A sky beast (D:6)
  An eye of draining (D:9)
  7 ice beasts
  3 ogres
  3 phantoms
  6 wolves (Lair:1)
  4 centaurs
  2 crocodiles
  7 bullfrogs
  Dowan (D:7)
  3 scorpions
  10 killer bees (D:7)
  4 wights (D:6)
  A howler monkey (D:5)
  2 crimson imps (D:6)
  6 hounds
  2 centaur skeletons (D:5)
  4 jellies (D:6)
  A bullfrog zombie (D:6)
  7 orc priests
  5 orc wizards
  2 iguanas
  A bullfrog skeleton (D:7)
  2 polar bear simulacra (IceCv)
  5 worker ants
  A wolf simulacrum (IceCv)
  A hound skeleton (D:5)
  A howler monkey zombie (D:6)
  3 worker ant zombies
  7 adders
  17 white imps
  An ooze (D:3)
  An adder zombie (D:6)
  2 adder skeletons (D:4)
  3 dart slugs
  3 leopard geckos
  28 orcs
  7 giant cockroaches (D:2)
  5 goblins
  9 hobgoblins
  3 jackals (D:5)
  7 quokkas
  A ball python (D:2)
  8 bats
  6 frilled lizards
  2 jackal skeletons
  A jackal zombie (D:5)
  9 kobolds
  A leopard gecko zombie (D:7)
  A quokka skeleton (D:9)
  4 rats
  39 plants
325 creatures vanquished.

Vanquished Creatures (collateral kills)
  A hydra (Lair:1)
  7 oklob plants
  Joseph (D:9)
  A spiny frog (Lair:1)
  A komodo dragon (Lair:3)
  A hippogriff (Lair:3)
  4 blink frogs (Lair:3)
  A water moccasin (Lair:3)
  A bullfrog (Lair:3)
  2 howler monkeys (D:9)
  2 electric eels (Lair:3)
  A crimson imp (D:9)
  An orc wizard (D:9)
  A howler monkey zombie (D:9)
  An adder (D:9)
  2 orcs (D:9)
  A quokka (D:9)
  2 fungi (Lair:1)
  33 plants (Lair:1)
64 creatures vanquished.

Vanquished Creatures (others)
  2 blink frog zombies (Lair:1)
  2 komodo dragon zombies (Lair:3)
  2 yak zombies (Lair:3)
  A wolf zombie (Lair:1)
  A basilisk zombie (Lair:2)
  A crocodile skeleton (Lair:2)
  An orc zombie (D:9)
  24 plants
34 creatures vanquished.

Grand Total: 423 creatures vanquished

Notes
Turn   | Place    | Note
-------+----------+-------------------------------------------
     0 | D:1      | Amciq the Hill Orc Fighter began the quest for the Orb.
     0 | D:1      | Reached XP level 1. HP: 19/19 MP: 1/1
   170 | D:1      | Reached skill level 3 in Axes
   170 | D:1      | Reached XP level 2. HP: 16/26 MP: 2/2
   522 | D:2      | Reached XP level 3. HP: 32/33 MP: 3/3
  1241 | D:3      | Found a radiant altar of Vehumet.
  1312 | D:3      | Reached XP level 4. HP: 40/40 MP: 4/4
  1508 | D:3      | Reached skill level 4 in Axes
  1508 | D:3      | Reached XP level 5. HP: 14/46 MP: 5/5
  2270 | D:4      | Reached XP level 6. HP: 43/53 MP: 6/6
  2315 | D:4      | Reached skill level 5 in Fighting
  2315 | D:4      | Reached skill level 5 in Armour
  2315 | D:4      | Reached skill level 5 in Shields
  2332 | D:4      | Reached skill level 5 in Axes
  2501 | D:4      | Noticed Sigmund
  2502 | D:4      | Noticed Edmund
  2680 | D:4      | Reached XP level 7. HP: 46/61 MP: 7/7
  2784 | D:4      | Killed Edmund
  2902 | D:4      | Killed Sigmund
  2902 | D:4      | Reached skill level 6 in Axes
  2952 | D:4      | Gained mutation: You are dopey. (Int -2) [potion of mutation]
  2952 | D:4      | Gained mutation: You are agile. (Dex +2) [potion of mutation]
  2953 | D:4      | Lost mutation: You are dopey. (Int -2) [potion of mutation]
  2953 | D:4      | Lost mutation: You are agile. (Dex +2) [potion of mutation]
  2953 | D:4      | Gained mutation: Scrolls take you a little longer to read. [potion of mutation]
  2953 | D:4      | Gained mutation: You are partially covered in rugged brown scales. (AC +1, +3% HP) [potion of mutation]
  2954 | D:4      | Lost mutation: Scrolls take you a little longer to read. [potion of mutation]
  2954 | D:4      | Lost mutation: You are partially covered in rugged brown scales. (AC +1, +3% HP) [potion of mutation]
  2954 | D:4      | Gained mutation: You expend magic power (3 MP) to strengthen your wands. [potion of mutation]
  2954 | D:4      | Gained mutation: You possess an exceptional clarity of mind. [potion of mutation]
  2954 | D:4      | Gained mutation: You are agile. (Dex +2) [potion of mutation]
  2976 | D:5      | Entered Level 5 of the Dungeon
  3089 | D:5      | Reached XP level 8. HP: 56/70 MP: 8/8
  3315 | D:5      | Found Baomauna's Magic Scroll Shoppe.
  3323 | D:5      | Bought a scroll of identify for 28 gold pieces
  3323 | D:5      | Bought a scroll of identify for 28 gold pieces
  3323 | D:5      | Bought a scroll of identify for 28 gold pieces
  3323 | D:5      | Bought a scroll of enchant armour for 105 gold pieces
  3497 | D:5      | Reached skill level 7 in Axes
  3883 | D:6      | Reached XP level 9. HP: 68/79 MP: 9/9
  4010 | D:6      | Reached skill level 8 in Axes
  4703 | D:7      | Noticed Prince Ribbit
  4716 | D:7      | Killed Prince Ribbit
  4716 | D:7      | Reached skill level 9 in Axes
  4880 | D:7      | Reached XP level 10. HP: 75/90 MP: 10/10
  5038 | D:7      | Noticed Duvessa
  5038 | D:7      | Noticed Dowan
  5051 | D:7      | Killed Duvessa
  5059 | D:7      | Killed Dowan
  5144 | D:7      | Found a staircase to the Ecumenical Temple.
  5153 | Temple   | Entered the Ecumenical Temple
  5196 | Temple   | Became a worshipper of Yredelemnul the Dark
  5572 | D:7      | Reached skill level 10 in Axes
  5988 | D:8      | Found Derphil's Armour Shop.
  6000 | D:8      | Bought a +1 pair of boots for 138 gold pieces
  6030 | D:8      | Reached * piety under Yredelemnul
  6468 | D:9      | Killed an unseen horror
  6792 | D:9      | Noticed Joseph
  6803 | D:9      | Killed Joseph
  6996 | D:9      | Noticed Maurice
  7002 | D:9      | Killed Maurice
  7002 | D:9      | Reached skill level 10 in Fighting
  7002 | D:9      | Reached skill level 1 in Invocations
  7027 | D:9      | Reached skill level 11 in Axes
  7104 | D:9      | Found a staircase to the Lair.
  7258 | Lair:1   | Entered Level 1 of the Lair of Beasts
  7268 | Lair:1   | Reached XP level 11. HP: 77/99 MP: 12/12
  7334 | Lair:1   | Noticed Dipster's ghost (journeyman BaFi)
  7349 | Lair:1   | Killed Dipster's ghost
  7373 | Lair:1   | Noticed a four-headed hydra
  7377 | Lair:1   | Killed a five-headed hydra
  7685 | Lair:1   | Reached skill level 10 in Armour
  7690 | Lair:1   | Reached ** piety under Yredelemnul
  7853 | Lair:1   | Reached skill level 5 in Invocations
  8136 | Lair:1   | Reached skill level 12 in Axes
  8172 | Lair:1   | Noticed an oklob plant
  8184 | Lair:1   | Killed an oklob plant
  8404 | Lair:1   | Noticed an oklob plant
  8424 | Lair:1   | Noticed an oklob plant
  8447 | Lair:1   | Noticed an oklob plant
  8470 | Lair:1   | Killed an oklob plant
  8476 | Lair:1   | Killed an oklob plant
  8483 | Lair:1   | Killed an oklob plant
  8834 | Lair:2   | Reached skill level 10 in Shields
  8901 | Lair:2   | Found a hole to the Spider Nest.
  8901 | Lair:2   | Noticed an orb spider
  9181 | Lair:2   | Noticed a five-headed hydra
  9666 | Lair:3   | Reached XP level 12. HP: 104/110 MP: 17/17
  9942 | Lair:3   | Got a dazzling helmet
  9959 | Lair:3   | Identified the cursed +0 helmet of Untruth {rN+ SInv Stlth+} (You found it on level 3 of the Lair of Beasts)
 10613 | Lair:3   | Reached skill level 13 in Axes
 10770 | Lair:3   | Found a staircase to the Swamp.
 11033 | Lair:4   | Found a frozen archway.
 11705 | Lair:4   | Noticed a six-headed hydra
 11707 | IceCv    | Entered an ice cave
 11757 | IceCv    | Reached *** piety under Yredelemnul
 12014 | IceCv    | Slain by a freezing wraith

Vault maps used:
D:1:      dpeg_arrival_rooms_c, serial_curves, eino_curves_01, eino_curves_02
D:2:      minmay_roachtagon, solitary_fountain, lemuel_old_faithful
D:3:      cheibrodos_helix_gallery, overflow_temple_1_default
D:4:      sigmund_edmund_badplayer
D:5:      first_bread, serial_shops, nicolae_shop_stone
D:7:      minmay_temple_entry_statues, serial_co_window_serial,
          co_window_corner_a, co_window_paths_a, co_window_of_opportunity_a,
          co_window_paths_a, co_window_corner_a, co_window_cross_4,
          co_window_2corner, co_window_corner_b, co_window_corner_b,
          co_window_of_opportunity_b, co_window_of_opportunity_c,
          glass_columns_a, glass_columns_a, uniq_prince_ribbit1, uniq_duvessa
D:8:      serial_shops, shop
D:9:      minmay_cornered_nines, lair_entry_dummy, uniq_joseph, uniq_maurice
Temple:   grunt_wide_crystal_templ
Lair:1:   minmay_lair_oklob_tunnel
Lair:2:   nicolae_spider_entry_orb_guardian, beast_lair_carwin_11
Lair:3:   minmay_swamp_entry_eels, minmay_lair_oklob_chamber,
          grunt_megastairs_3, lemuel_fruit_tree, serial_bayou_shore_a
Lair:4:   portal_ice_cave_entry_imps, minmay_holes
IceCv:    ice_cave_small_necro

Skill      XL: |  1  2  3  4  5  6  7  8  9 10 11 12 |
---------------+-------------------------------------+-----
Axes           | 3 4 5 6 7 9 11 12 13 | 13.6
Armour         | 4 5 6 7 8 9 10 | 10.7
Fighting       | 4 5 6 7 8 10 11 12 | 12.2
Shields        | 4 5 6 8 9 10 | 10.7
Invocations    | 2 7 9 |  9.1

Action                   |  1- 3 |  4- 6 |  7- 9 | 10-12 || total
-------------------------+-------+-------+-------+-------++-------
Melee: War axe           |    75 |       |   136 |   663 ||   874
       Hand axe          |    44 |   137 |   147 |       ||   328
Invok: Animate Remains   |       |       |       |    17 ||    17
       Injury Mirror     |       |       |       |     1 ||     1
       Recall Undead Sla |       |       |       |     1 ||     1
  Use: Scroll            |     4 |     2 |     8 |     3 ||    17
       Potion            |       |     2 |     3 |     2 ||     7
 Stab: Distracted        |       |       |       |     3 ||     3
  Eat: Chunk             |     1 |     5 |     9 |    25 ||    40
       Fruit             |       |       |       |     1 ||     1
       Royal jelly       |       |       |       |     1 ||     1
Armor: Scale mail        |    68 |    37 |    59 |   140 ||   304
Dodge: Dodged            |    41 |    40 |    78 |   113 ||   272
Block: Shield            |    55 |    58 |   161 |   292 ||   566
       Reflection        |       |       |       |     6 ||     6
       Large shield      |       |       |       |   206 ||   206
